 Dungeon Crawl Stone Soup version 0.26-a0-689-gc93c913f66 (webtiles) character file.

Game seed: 1515430221607405437

237 Kinoniko the Ruffian (level 5, -1/50 HPs)
             Began as a Troll Monk on Oct 23, 2020.
             Slain by an orc priest
             ... wielding a +0 hand axe
              (9 damage)
             ... on level 4 of the Dungeon.
             The game lasted 00:02:48 (2207 turns).

Kinoniko the Ruffian (Troll Monk)                   Turns: 2207, Time: 00:02:49

Health: -1/50      AC:  6    Str: 19    XL:     5   Next: 77%
Magic:  4/4        EV: 10    Int:  6    God:
Gold:   191        SH:  0    Dex: 13    Spells: 4/4 levels left

rFire    . . .     SeeInvis .     - Unarmed
rCold    . . .     Faith    .   (no shield)
rNeg     . . .     Spirit   .   a - +0 robe
rPois    .         Reflect  .   (helmet restricted)
rElec    .         Harm     .   (no cloak)
rCorr    .         Rampage  .   (gloves unavailable)
MR       .....                  (boots unavailable)
Stlth    ++........             (no amulet)
HPRegen  0.56/turn              (no ring)
MPRegen  0.09/turn              (no ring)

@: no status effects
A: large, unfitting armour, claws 3, regeneration 1, shaggy fur 1, tough skin 3
a: no special abilities


You were on level 4 of the Dungeon.
You visited 1 branch of the dungeon, and saw 4 of its levels.

You collected 191 gold pieces.

Inventory:

Armour
 a - a +0 robe (worn)
Wands
 n - a wand of random effects (29)
Scrolls
 b - a scroll of fear {unknown}
 c - a scroll of noise {unknown}
 d - a scroll of blinking {unknown}
 f - 2 scrolls of enchant armour {unknown}
 i - a scroll of magic mapping {unknown}
 k - 2 scrolls of remove curse {unknown}
 p - 3 scrolls of teleportation {unknown}
 s - a scroll of amnesia {unknown}
Potions
 e - a potion of stabbing
 g - a potion of heal wounds {unknown}
 h - 2 potions of flight
 j - a potion of magic
 l - 2 potions of brilliance {unknown}
 m - a potion of ambrosia {unknown}
 o - 2 potions of curing {unknown}
 q - a potion of invisibility {unknown}
 r - a potion of mutation {unknown}


   Skills:
 - Level 2.4 Fighting
 - Level 2.4 Dodging
 - Level 1.0 Stealth
 * Level 6.5 Unarmed Combat


You had 4 spell levels left.
You didn't know any spells.
Your spell library was empty.

Dungeon Overview and Level Annotations

Branches:
Dungeon (4/15)             Temple (0/1) D:4

Altars:
Dithmenos
Gozag
Qazlal
Sif Muna
Zin


Innate Abilities, Weirdness & Mutations

You are too large for most types of armour.
You have claws for hands.
Your natural rate of healing is unusually fast.
You are covered in fur. (AC +1)
You have extremely tough skin. (AC +3)


Message History

* * * LOW HITPOINT WARNING * * *
The orc priest miscasts a cantrip.
The orc closely misses you. The orc barely misses you.
You are too injured to fight recklessly!
You are too injured to fight recklessly!
You are too injured to fight recklessly!
Unknown command.
You barely miss the orc priest.
The orc priest is almost dead.
The orc priest invokes the aid of Beogh against you.
You barely resist. The orc priest misses you.
The orc hits you but does no damage.
Unknown command.
You barely miss the orc priest.
The orc priest is almost dead.
The orc closely misses you.
The orc priest hits you with a cursed -3 dagger.
* * * LOW HITPOINT WARNING * * *
The orc priest hits you with a +0 hand axe!
You die...

... .# .# ##.##.##.#
####...(..... #+#..
............. #.#.#
#..#..⌠...⌠..
#.#.######.##.........
##.#.##........oo.>....
##...........##.@o......
#......#.# #..#.o⌠...⌠..
##.....#.###............
.............##.........
###.##.#####..##.##.##.#
#.##.#####.......... #
#.##.......##########
#.########## #.#
#########


You could see 2 orc priests and 2 orcs.

Vanquished Creatures
  2 orc priests (D:3)
  Terence (D:2)
  7 adders (D:3)
  An ooze (D:2)
  4 worms
  A dart slug (D:1)
  A leopard gecko (D:3)
  8 orcs (D:3)
  2 ball pythons
  4 bats
  5 giant cockroaches
  9 goblins
  6 hobgoblins
  3 jackals (D:1)
  5 kobolds
  2 quokkas
  A frilled lizard (D:2)
  3 rats
65 creatures vanquished.

Vanquished Creatures (others)
  An orc wizard (D:4)
1 creature vanquished.

Grand Total: 66 creatures vanquished

Notes
Turn   | Place    | Note
-------+----------+-------------------------------------------
     0 | D:1      | Kinoniko the Troll Monk began the quest for the Orb.
     0 | D:1      | Reached XP level 1. HP: 22/22 MP: 0/0
   178 | D:1      | Reached XP level 2. HP: 29/29 MP: 1/1
   389 | D:1      | Reached skill level 4 in Unarmed Combat
   497 | D:2      | Found a glowing silver altar of Zin.
   506 | D:2      | Found a shimmering blue altar of Sif Muna.
   506 | D:2      | Found a shadowy altar of Dithmenos.
   511 | D:2      | Reached XP level 3. HP: 36/36 MP: 2/2
   742 | D:2      | Noticed Terence
   752 | D:2      | Killed Terence
   752 | D:2      | Reached XP level 4. HP: 33/44 MP: 3/3
  1133 | D:3      | Reached skill level 5 in Unarmed Combat
  1610 | D:3      | Reached XP level 5. HP: 46/50 MP: 4/4
  1632 | D:3      | Reached skill level 6 in Unarmed Combat
  1762 | D:3      | Found a stormy altar of Qazlal.
  2127 | D:4      | Found an opulent altar of Gozag.
  2197 | D:4      | Found a staircase to the Ecumenical Temple.
  2207 | D:4      | Slain by an orc priest

Illustrated notes

Levels and vault maps discovered:
D:1:      wander_arrival_peaceful_grave, layout_rooms, roderic_serpentine_path
D:2:      layout_loops_cross, grunt_temple_overflow_open, uniq_terence
D:3:      layout_basic, nicolae_qazlal_general_emergency
D:4:      layout_loops_corners, nicolae_overflow_crystal_walls,
          minmay_temple_entry_large_hall, serial_shops, shop_fountains,
          nicolae_shop_trees, nicolae_shop_trees, shop, grunt_gozag_breadcrumbs

Skill      XL: |  1  2  3  4  5 |
---------------+----------------+-----
Unarmed Combat | 4 5 6 |  6.5
Fighting       | |  2.4
Dodging        | |  2.4
Stealth        | |  1.0

Action                   |  1- 3 |  4- 6 || total
-------------------------+-------+-------++-------
Melee: Unarmed           |    79 |   111 ||   190
       Punch             |     1 |     5 ||     6
  Use: Scroll            |       |     3 ||     3
 Stab: Sleeping          |     1 |     6 ||     7
Armor: Robe              |    26 |    26 ||    52
Dodge: Dodged            |    29 |    42 ||    71

Table legend: (Time is in decaauts)
 A = Elapsed time spent in this place.
 B = Non-inter-level travel time spent in this place.
 C = Inter-level travel time spent in this place.
 D = Time resting spent in this place.
 E = Time spent auto-exploring this place.
 F = Levels seen in this place.
 G = Mean time per level.
                   A        B        C        D        E       F      G
               +--------+--------+--------+--------+--------+-----+--------+
         Total |   2189 |   2089 |    100 |     43 |   1690 |   4 |  547.2 |
       Dungeon |   2189 |   2089 |    100 |     43 |   1690 |   4 |  547.2 |
               +--------+--------+--------+--------+--------+-----+--------+

Top non-repeatable levels by time:
     D:3: 934 daAuts
     D:2: 607 daAuts
     D:1: 485 daAuts
     D:4: 162 daAuts
